 Dungeon Crawl Stone Soup version 0.30-a0-457-g4b7bca3bfa (webtiles) character file.

Game seed: 9403534135305411005

9358 dixiedixie the Spry (level 11, -5/78 HPs)
             Began as a Felid Berserker on Oct 11, 2020.
             Was a High Priest of Trog.
             Killed by mirror damage (16 damage)
             ... on level 11 of the Dungeon on Dec 13, 2022.
             The game lasted 01:04:30 (16050 turns).

dixiedixie the Spry (Felid Berserker)              Turns: 16050, Time: 01:04:30

Health: -5/78      AC:  3    Str: 13    XL:     11   Next: 22%
Magic:  12/12      EV: 32    Int:  8    God:    Trog [*****.]
Gold:   655        SH:  0    Dex: 20    Spells: 10/10 levels left
                                        Lives:  0   Deaths: 2

rFire   . . .      SeeInvis +      - Unarmed
rCold   + . .      Faith    +    (shield unavailable)
rNeg    . . .      Spirit   .    (body armour unavailable)
rPois   .          Reflect  .    (helmet unavailable)
rElec   .          Harm     .    (cloak unavailable)
rCorr   .          Rampage  .    (gloves unavailable)
Will    +++..                    (boots unavailable)
Stlth   ..........               h - amulet of faith
HPRegen 1.33/turn                (no ring)
MPRegen 0.13/turn                (no ring)

@: berserking, strong-willed, regenerating, very quick
A: very small, claws 1, fangs 3, see invisible, speed 1, shaggy fur 3, stealthy
paws, no weapons or thrown items, no armour, multi-lived
a: Renounce Religion, Berserk, Trog's Hand, Brothers in Arms


You were on level 11 of the Dungeon.
You worshipped Trog.
Trog was extremely pleased with you.
You visited 3 branches of the dungeon, and saw 15 of its levels.

You collected 837 gold pieces.
You spent 182 gold pieces at shops.

Inventory:

Jewellery
 e - a ring of magical power
 f - a ring of fire
 h - an amulet of faith (around neck)
 k - an amulet of reflection {unknown}
 m - the amulet "Kehoxt" {Inacc +Inv rPois rN+}
   (You found it on level 5 of the Dungeon)

   [amulet of inaccuracy]

   It reduces the accuracy of all your attacks.
   rPois:     It protects you from poison.
   rN:        It protects you from negative energy.
   +Inv:      It lets you turn invisible.
 C - a ring of fire
Wands
 d - a wand of digging (10)
 o - a wand of iceblast (26) (quivered)
 p - a wand of flame (26)
 v - a wand of polymorph (18)
 y - a wand of mindburst (4)
 B - a wand of charming (4)
Scrolls
 a - a scroll of removedness
 b - 8 scrolls of identify
 c - 3 scrolls of magic mapping
 n - a scroll of immolation
 q - 4 scrolls of teleportation
 s - a scroll of fear
 u - a scroll of vulnerability
 A - a scroll of fog
Potions
 g - a potion of curing {unknown}
 i - a potion of flight {unknown}
 j - 2 potions of invisibility
 t - a potion of lignification {unknown}
 w - 2 potions of might
 x - a potion of cancellation {unknown}
 z - a potion of brilliance {unknown}


   Skills:
 - Level 8.3 Fighting
 - Level 17.1 Dodging
 - Level 11.4 Stealth
 + Level 13.6 Unarmed Combat
 - Level 4.2 Evocations


You had 10 spell levels left.
You didn't know any spells.
Your spell library was empty.

Dungeon Overview and Level Annotations

Branches:
Dungeon (11/15)            Temple (1/1) D:4            Lair (3/6) D:11
  Swamp (0/4) Lair:2        Snake (0/4) Lair:3          Orc (0/2) D:10

Altars:
Ashenzari
Cheibriados
Dithmenos
Elyvilon
Fedhas
Gozag
Hepliaklqana
Kikubaaqudgha
Makhleb
Nemelex Xobeh
Okawaru
Qazlal
Ru
Sif Muna
Trog
Uskayaw
Vehumet
Wu Jian
Xom
Yredelemnul
Zin
The Shining One

Shops:
D:6 :   D:7 [   D:8 ?

Annotations:
D:8 3 runed translucent doors, looop's ghost, novice DsIE
Lair:3 2 transporters, exclusion: boulder beetle, Coawycapt's ghost, journeyman NaVM


Innate Abilities, Weirdness & Mutations

You have sharp claws.
You have razor-sharp teeth.
You have supernaturally acute eyesight. (SInv)
You cover ground quickly. (Speed+)
Your thick and shaggy fur keeps you warm. (AC +3, rC+)
Your paws help you pounce on unaware monsters.
You are incapable of wielding weapons or throwing items.
You cannot wear armour.
You gain extra lives every three experience levels.


Message History

The centaur skeleton kicks you but does no damage.
You claw the centaur skeleton!
You destroy the centaur skeleton!
Trog accepts your kill.
No target in view!
Unknown command.
You see here a +0 whip.
You now have 641 gold pieces (gained 15).
You now have 655 gold pieces (gained 14).
A death knight is nearby!
The death knight shouts!
The death knight unwields a +0 great mace.
The death knight wields a +0 longbow.
The death knight shoots an arrow.
The arrow hits you!
You start resting.
A death knight is nearby!
Your skin crawls.
You feel strong-willed.
A red film seems to cover your vision as you go berserk!
You feel yourself moving faster!
You feel mighty!
The death knight offers itself to Yredelemnul, and fills with unholy energy.
You feel a strong urge to attack something.
The death knight unwields a +0 longbow.
The death knight wields a +0 great mace.
The death knight misses you.
You claw the death knight!
The death knight is lightly wounded.
The death knight reflects your damage back at you!
You claw the death knight! You bite the death knight.
The death knight is moderately wounded.
The death knight reflects your damage back at you!
The death knight hits you with a +0 great mace!!
You mangle the death knight!! You claw the death knight!
The death knight is severely wounded.
The death knight reflects your damage back at you!
* * * LOW HITPOINT WARNING * * *
You mangle the death knight!! You bite the death knight.
The death knight is almost dead.
The death knight reflects your damage back at you!
You die...

#.#.#.# #............
#.#.#.# #............
# #.#.# #............
#.#.# #............
#.#.#####............
#.#.....'............
#....####..........P.
#....p...............
#...@####........P...
#....# #............
#....# #..........P.
#....# ##.....P.....
#....# ....p......
#....# ....P..P...
#....# ........P..
#....# $....P ######
..P...


You could see a death knight (reflects damage).

Vanquished Creatures
  Josephine (D:10)
  A death yak (Lair:3)
  A lindwurm (Lair:3)
  2 manticores (D:11)
  2 cane toads
  3 black mambas
  An unseen horror (D:10)
  A rime drake (Lair:3)
  A komodo dragon (Lair:1)
  2 polar bears
  A troll (D:11)
  18 blink frogs
  3 burning bushes (Lair:1)
  Grinder (D:5)
  3 wraiths (D:10)
  A shadow (D:10)
  Eustachio (D:5)
  A basilisk (Lair:1)
  2 wyverns
  Grum (D:10)
  13 yaks
  Edmund (D:5)
  18 water moccasins
  An ice beast (D:8)
  2 orc warriors
  6 black bears
  3 sky beasts
  19 wolves
  10 ogres
  4 phantoms
  4 centaurs
  15 bullfrogs
  2 kobold brigands
  4 wights (D:9)
  4 scorpions
  A troll zombie (D:10)
  11 killer bees
  3 electric eels
  A howler monkey (D:8)
  2 bullfrog zombies (D:7)
  A quasit (D:7)
  A jelly (D:2)
  2 bullfrog skeletons
  3 hounds
  5 orc priests
  4 orc wizards
  4 centaur skeletons
  7 iguanas
  Natasha (thrice) (D:4)
  A removed worker ant (D:5)
  A killer bee zombie (D:5)
  5 ogre zombies (D:10)
  2 hound zombies
  2 howler monkey skeletons
  12 adders
  A shadow imp (D:6)
  3 white imps
  2 ufetubi
  An endoplasm (D:4)
  3 adder skeletons
  4 worms
  28 orcs
  5 removed leopard geckos
  2 ball pythons
  8 ghosts
  6 giant cockroaches
  5 goblins
  10 hobgoblins
  18 jackals
  3 quokkas
  4 bats
  6 frilled lizards
  A giant cockroach zombie (D:6)
  A goblin skeleton (D:10)
  A hobgoblin skeleton (D:10)
  A hobgoblin zombie (D:10)
  21 kobolds
  5 orc skeletons (D:10)
  17 orc zombies (D:10)
  A quokka zombie (D:8)
  7 rats
388 creatures vanquished.

Vanquished Creatures (collateral kills)
  4 death yaks
  A cane toad (Lair:2)
  A yak (Lair:3)
  An electric eel (Lair:2)
7 creatures vanquished.

Vanquished Creatures (others)
  47 fungi
  56 plants
103 creatures vanquished.

Grand Total: 498 creatures vanquished

Notes
Turn   | Place    | Note
-------+----------+-------------------------------------------
     0 | D:1      | dixiedixie the Felid Berserker began the quest for the Orb.
     0 | D:1      | Reached XP level 1. HP: 10/10 MP: 2/2
   316 | D:1      | Reached XP level 2. HP: 14/14 MP: 3/3
   515 | D:1      | Reached skill level 1 in Stealth
   877 | D:1      | Reached ** piety under Trog
   958 | D:2      | Reached XP level 3. HP: 17/17 MP: 4/4
  1186 | D:2      | Found a stormy altar of Qazlal.
  1252 | D:2      | Found a radiant altar of Vehumet.
  1266 | D:2      | Reached XP level 4. HP: 20/21 MP: 5/5
  1312 | D:2      | Found a shadowy altar of Dithmenos.
  1748 | D:3      | Found a burning altar of Makhleb.
  1756 | D:3      | Noticed a centaur
  2004 | D:3      | Found an iron altar of Okawaru.
  2153 | D:4      | Reached skill level 5 in Unarmed Combat
  2153 | D:4      | Reached XP level 5. HP: 17/24 MP: 6/6
  2511 | D:4      | HP: 1/24 [orc priest/divine providence (11)]
  2877 | D:4      | Noticed an ogre
  3415 | D:3      | Killed a centaur
  3415 | D:3      | Gained mutation: You are covered in thick fur. (AC +2)
                  | [Felid growth]
  3415 | D:3      | Reached XP level 6. HP: 28/28 MP: 7/7
  3577 | D:4      | Noticed Natasha
  3591 | D:4      | Killed Natasha
  3621 | D:4      | Found a staircase to the Ecumenical Temple.
  3628 | Temple   | Entered the Ecumenical Temple
  4297 | D:4      | Noticed Natasha
  4316 | D:4      | Killed Natasha
  4543 | D:4      | Noticed Natasha
  4553 | D:4      | Killed Natasha
  4582 | D:5      | Entered Level 5 of the Dungeon
  4582 | D:5      | Noticed Eustachio
  4641 | D:5      | Noticed Edmund
  4674 | D:5      | Killed Edmund
  4674 | D:5      | Reached XP level 7. HP: 31/31 MP: 8/8
  5086 | D:5      | Found a hazy altar of Hepliaklqana.
  5136 | D:5      | Reached *** piety under Trog
  5258 | D:5      | Killed Eustachio
  5417 | D:5      | Got a heavily runed iron amulet
  5426 | D:5      | Reached XP level 8. HP: 34/34 MP: 9/9
  5585 | D:5      | Noticed Grinder
  5780 | D:5      | Killed Grinder
  5780 | D:5      | Reached skill level 10 in Unarmed Combat
  5829 | D:5      | Found an ancient bone altar of Kikubaaqudgha.
  6177 | D:6      | Found Dufa's Book Emporium.
  6561 | D:6      | Reached skill level 5 in Dodging
  6798 | D:7      | Found Nuguliax's Armour Emporium.
  6802 | D:7      | Reached **** piety under Trog
  6831 | D:7      | Reached skill level 1 in Evocations
  6831 | D:7      | Reached XP level 9. HP: 37/37 MP: 10/10
  6953 | D:6      | Upgraded the game from 0.26-a0-663-g36e8fdb655 to
                  | 0.30-a0-457-g4b7bca3bfa
  7002 | D:7      | Reached skill level 5 in Stealth
  7038 | D:7      | Found a glowing golden altar of the Shining One.
  7092 | D:7      | Reached skill level 6 in Dodging
  7285 | D:7      | Found a glowing silver altar of Zin.
  7306 | D:7      | Found a bloodstained altar of Trog.
  7565 | D:8      | Found a runed translucent gate.
  7566 | D:8      | Found a runed translucent gate.
  7566 | D:8      | Found a runed translucent gate.
  7594 | D:8      | Noticed looop's ghost (novice DsIE)
  7612 | D:8      | Reached skill level 7 in Dodging
  7782 | D:8      | Reached ***** piety under Trog
  7791 | D:8      | Reached skill level 8 in Dodging
  8044 | D:8      | Found Isyon's Magic Scroll Shoppe.
  8198 | D:8      | Found a sacrificial altar of Ru.
  8244 | D:8      | Bought a scroll of teleportation for 42 gold pieces
  8244 | D:8      | Bought a scroll of identify for 28 gold pieces
  8244 | D:8      | Bought a scroll of identify for 28 gold pieces
  8244 | D:8      | Bought a scroll of identify for 28 gold pieces
  8244 | D:8      | Bought a scroll of vulnerability for 56 gold pieces
  8300 | D:8      | Reached XP level 10. HP: 38/43 MP: 11/11
  9542 | D:10     | Entered Level 10 of the Dungeon
  9581 | D:10     | Noticed Josephine
  9598 | D:10     | Killed Josephine
  9598 | D:10     | HP: 3/60 [poisoned by Josephine]
  9600 | D:10     | HP: 1/43 [poisoned by Josephine]
  9711 | D:10     | Found a staircase to the Orcish Mines.
  9785 | D:10     | Noticed Grum
  9818 | D:10     | Reached skill level 9 in Dodging
  9931 | D:10     | You fall into a shaft and drop 1 floor!
  9969 | D:11     | Reached skill level 10 in Dodging
  9978 | D:11     | Reached ****** piety under Trog
 10200 | D:10     | Killed Grum
 10398 | D:10     | Identified the amulet "Kehoxt" {Inacc +Inv rPois rN+} (You
                  | found it on level 5 of the Dungeon)
 10454 | D:10     | Reached XP level 11. HP: 46/46 MP: 12/12
 10549 | D:10     | HP: 1/46 [wraith[Josephine] (13)]
 10553 | D:10     | Reached skill level 11 in Dodging
 11208 | D:11     | Reached skill level 12 in Dodging
 11226 | D:11     | Found a staircase to the Lair.
 11251 | D:11     | Noticed a death knight
 11586 | Lair:1   | Entered Level 1 of the Lair of Beasts
 11762 | Lair:1   | Reached skill level 13 in Dodging
 11947 | Lair:1   | Reached skill level 14 in Dodging
 12173 | Lair:1   | Reached skill level 15 in Dodging
 12371 | Lair:1   | Reached skill level 5 in Fighting
 13552 | Lair:2   | Gained mutation: Your thick and shaggy fur keeps you warm.
                  | (AC +3, rC+) [Felid growth]
 13552 | Lair:2   | Reached XP level 12. HP: 52/52 MP: 13/13
 13921 | Lair:2   | Noticed a death yak
 13923 | Lair:2   | Noticed a death yak
 13923 | Lair:2   | Noticed a death yak
 13930 | Lair:2   | Killed a death yak
 13931 | Lair:2   | Killed a death yak
 13933 | Lair:2   | Killed a death yak
 14307 | Lair:2   | Found a staircase to the Swamp.
 14316 | Lair:2   | Killed from afar by an electric eel
 14317 | Lair:2   | Reached XP level 11. HP: 0/76 MP: 12/12
 15170 | Lair:3   | Found a staircase to the Snake Pit.
 15192 | Lair:3   | Found a transporter.
 15192 | Lair:3   | Found a transporter.
 15196 | Lair:3   | Noticed a boulder beetle
 15216 | Lair:3   | Noticed Coawycapt's ghost (journeyman NaVM)
 15224 | Lair:3   | Noticed an eight-headed hydra
 15240 | Lair:3   | Noticed a lindwurm
 15243 | Lair:3   | Reached skill level 16 in Dodging
 15260 | Lair:3   | Killed a lindwurm
 15265 | Lair:3   | Succumbed to a cane toad's poison
 15266 | Lair:3   | Reached XP level 10. HP: -1/48 MP: 11/11
 15287 | Lair:3   | Noticed a death yak
 15289 | Lair:3   | Noticed a death yak
 15302 | Lair:3   | Noticed a death yak
 15304 | Lair:3   | Reached XP level 11. HP: 52/52 MP: 12/12
 15311 | Lair:3   | Killed a death yak
 15313 | Lair:3   | Noticed a six-headed hydra
 15315 | Lair:3   | Killed a death yak
 15316 | Lair:3   | Reached skill level 17 in Dodging
 16050 | D:11     | Killed by mirror damage

Illustrated notes

Levels and vault maps discovered:
D:1:      minmay_arrival_diagonal_passages, layout_rooms, serial_bayou,
          serial_bayou_lagoon_a, serial_bayou_pond_b, serial_bayou_shore_a,
          serial_bayou_pond_c, serial_bayou_ford_a, hangedman_glass_teeth
D:2:      layout_rooms, grunt_qazlal_clouds, grunt_dithmenos_smoke_and_mirrors,
          nicolae_overflow_crystal_walls
D:3:      layout_basic, okawaru_gym_becter, lemuel_crystal_altar, serial_curves,
          eino_curves_01, eino_curves_04, corner_web_ring,
          minmay_misc_feat_plants, hangedman_decor_lopped
D:4:      layout_layer_cave, temple_green, roderic_serpentine_path, uniq_natasha
D:5:      minmay_bubble_buster, layout_basic, kennysheep_mini_moat,
          old_standard_altar, chequers_serial_rivers_small_3, uniq_eustachio,
          uniq_grinder, uniq_edmund
D:6:      layout_layer_cave, serial_shops, shop_fountains, st_stairs_1,
          minmay_misc_feat_square, kennysheep_nub, grunt_ministairs_14
D:7:      layout_rooms, chequers_temple_overflow_statue_of_worship,
          serial_shops, shop
D:8:      wander_river, layout_cave_pools, marbit_many_paths,
          gammafunk_ghost_split, serial_shops, nicolae_shop_waterfront
D:9:      layout_roguey
D:10:     layout_loops_cross, zombieorc2_lemuel, kennysheep_generic_room_13,
          uniq_josephine, uniq_grum
D:11:     layout_basic, due_lair_maze_entry_diamond
Temple:   minmay_freezing_vapour_temple
Lair:1:   layout_hall_layers, wad_woods_river_03, evilmike_ambush
          [evilmike_ambush_outer_corners, evilmike_ambush_inner_basic]
Lair:2:   layout_cave_pods, minmay_swamp_entry_eels,
          nicolae_quartered_pool_medium
Lair:3:   lemuel_slime, layout_chaotic_city, minmay_snake_entry_six_corridors,
          nzn_ghost_randoct, st_stairs_3,
          hellmonk_guarded_unrand_seven_league_boots, serial_bayou_shore_b

Skill      XL: |  1  2  3  4  5  6  7  8  9 10 11 12 |
---------------+-------------------------------------+-----
Stealth        | 1 3 4 7 11 | 11.4
Unarmed Combat | 4 5 6 7 9 11 12 13 | 13.6
Dodging        | 5 8 10 17 | 17.1
Evocations     | 1 3 4 |  4.2
Fighting       | 4 6 8 |  8.3

Action                   |  1- 3 |  4- 6 |  7- 9 | 10-12 || total
-------------------------+-------+-------+-------+-------++-------
Melee: Unarmed           |    83 |   140 |   303 |   735 ||  1261
       Punch             |    10 |    13 |    30 |    66 ||   119
       Touch             |     2 |     1 |     6 |       ||     9
       Bite              |       |       |    15 |    94 ||   109
Invok: Berserk           |     1 |     3 |     7 |    17 ||    28
       Trog's Hand       |       |     5 |     3 |    13 ||    21
       Brothers in Arms  |       |       |       |     4 ||     4
  Use: Scroll            |       |     6 |     6 |     8 ||    20
       Potion            |       |       |       |     6 ||     6
 Stab: Sleeping          |     1 |     7 |    14 |    28 ||    50
       Distracted        |       |       |     2 |     1 ||     3
Armor: Skin              |     7 |     4 |    16 |    22 ||    49
Dodge: Dodged            |    54 |   105 |   202 |   619 ||   980

Table legend: (Time is in decaauts)
 A = Elapsed time spent in this place.
 B = Non-inter-level travel time spent in this place.
 C = Inter-level travel time spent in this place.
 D = Time resting spent in this place.
 E = Time spent auto-exploring this place.
 F = Levels seen in this place.
 G = Mean time per level.
                   A        B        C        D        E       F      G
               +--------+--------+--------+--------+--------+-----+--------+
         Total |  14268 |  13574 |    694 |   4499 |   5680 |  15 |  951.2 |
       Dungeon |  10804 |  10187 |    617 |   3168 |   4430 |  11 |  982.2 |
        Temple |      1 |      1 |      0 |      0 |      0 |   1 |    1.0 |
          Lair |   3462 |   3386 |     76 |   1331 |   1250 |   3 | 1154.0 |
               +--------+--------+--------+--------+--------+-----+--------+

Top non-repeatable levels by time:
     D:4: 1871 daAuts
  Lair:1: 1814 daAuts
  Lair:2: 1339 daAuts
    D:10: 1099 daAuts
     D:1: 1048 daAuts
    D:11: 1030 daAuts
     D:3: 1006 daAuts
     D:5: 990 daAuts
     D:7: 918 daAuts
     D:6: 860 daAuts
     D:9: 816 daAuts
     D:8: 800 daAuts
     D:2: 361 daAuts
  Lair:3: 308 daAuts
  Temple: 1 daAuts
